 Dungeon Crawl Stone Soup version 0.32-a0-898-g7811c86cf0 (webtiles) character file.

Game seed: 6473138243895122509

51690 Twinkles the Warrior (level 14, 0/144 HPs)
             Began as a Purple Draconian Ice Elementalist on Feb 6, 2024.
             Was a Priest of Ashenzari.
             Slain by a catoblepas (10 damage)
             ... while petrified by a catoblepas
             ... on level 4 of the Lair of Beasts on Apr 4, 2024.
             The game lasted 02:26:08 (22180 turns).

Twinkles the Warrior (DrIE)                        Turns: 22180, Time: 02:26:09

Health: 0/144      AC: 12    Str: 12    XL:     14   Next: 24%
Magic:  31/31      EV:  2    Int: 19    God:    Ashenzari [***...]
Gold:   620        SH:  0    Dex: 18    Spells: 23/39 levels left

rFire   . . .        o - +2 dagger "Prison of Ashenzari" {elec, Bglg, Melee} (curse)
rCold   + . .        r - orb {light}
rNeg    + + +        (body armour unavailable)
rPois   ∞            (helmet restricted)
rElec   .            n - +0 cloak of the Ruined Comet {Cun, Range} (curse)
rCorr   .            (no gloves)
SInv    +            b - +2 pair of boots of Ashenzari's Skepticism {Comp, Self} (curse)
Will    ++...        a - amulet "Thunder Perfect Mind" {RegenMP+, Comp, Bglg} (curse)
Stlth   ++           g - ring of the Unyielding Gaze {Dex+6, Range, Self} (curse)
HPRegen 0.44/turn    F - ring of protection from cold
MPRegen 0.62/turn

%: clarity
@: petrified, glowing
A: nullifying breath, AC +8, unfitting armour, cold-blooded
a: Nullifying Breath, Renounce Religion, Curse Item, Shatter the Chains


You were on level 4 of the Lair of Beasts.
You worshipped Ashenzari.
Ashenzari was most pleased with you.
You visited 3 branches of the dungeon, and saw 16 of its levels.
You also visited: Ossuary.

You collected 815 gold pieces.
You spent 195 gold pieces at shops.

Inventory:

Hand Weapons
 d - a +1 dagger of venom
 o - the cursed +2 dagger "Prison of Ashenzari" (weapon) {elec, Bglg, Melee}
   (You took it off a kobold on level 4 of the Dungeon)

   It has a curse which improves the following skills: Beguiling: Hexes and
   Translocations.
   Melee Combat: Short Blades, Long Blades, Axes, Maces & Flails, Polearms,
   Staves and Unarmed Combat.
 G - a +0 demon whip
Missiles
 e - 13 poisoned darts
 s - a throwing net
 z - 5 javelins
Armour
 b - the cursed +2 pair of boots of Ashenzari's Skepticism (worn) {Comp, Self}
   (You bought it in a shop on level 5 of the Dungeon)

   It has a curse which improves the following skills: Companions: Summonings
   and Necromancy.
   Introspection: Fighting and Spellcasting.
 n - the cursed +0 cloak of the Ruined Comet (worn) {Cun, Range}
   (You found it on level 9 of the Dungeon)

   It has a curse which improves the following skills: Cunning: Dodging and
   Stealth.
   Ranged Combat: Ranged Weapons and Throwing.
 r - an orb of light (worn)
 w - a +1 cloak
Jewellery
 a - the cursed amulet "Thunder Perfect Mind" (around neck) {RegenMP+, Comp, Bglg}
   (You found it on level 10 of the Dungeon)

   [amulet of magic regeneration]

   It increases your rate of magic regeneration.
   RegenMP+:  It increases your rate of magic regeneration.
   It has a curse which improves the following skills: Companions: Summonings
   and Necromancy.
   Beguiling: Hexes and Translocations.
 g - the cursed ring of the Unyielding Gaze (left hand) {Dex+6, Range, Self}
   (You found it on level 1 of the Dungeon)

   [ring of dexterity]

   Dex+6:     It affects your dexterity (+6).
   It has a curse which improves the following skills: Ranged Combat: Ranged
   Weapons and Throwing.
   Introspection: Fighting and Spellcasting.
 h - a ring of ice
 l - an amulet of guardian spirit
 u - a ring of fire
 F - a ring of protection from cold (right hand)
Wands
 p - a wand of paralysis (7)
 q - a wand of flame (1)
 y - a wand of mindburst (8)
Scrolls
 c - 6 scrolls of enchant weapon
 f - a scroll of noise
 i - 2 scrolls of butterflies
 j - 4 scrolls of poison
 k - 2 scrolls of enchant armour
 m - a scroll of revelation
 v - 2 scrolls of amnesia
 x - a scroll of torment
 D - 2 scrolls of blinking
 E - 2 scrolls of fear
 K - 3 scrolls of immolation
 O - 2 scrolls of silence
 V - 6 scrolls of vulnerability
 Y - 2 scrolls of teleportation
 Z - 3 scrolls of identify
Potions
 t - 3 potions of enlightenment
 A - 3 potions of attraction
 B - 4 potions of brilliance
 C - 3 potions of cancellation
 H - 2 potions of haste
 J - 10 potions of curing
 M - 2 potions of might
 N - 4 potions of heal wounds
 P - 2 potions of lignification
 Q - a potion of magic
 R - 2 potions of resistance
 T - a potion of berserk rage
 U - a potion of mutation


   Skills:
 + Level 16.2(18.3) Fighting
 - Level 8.4(10.0) Short Blades
 + Level 10.7(12.2) Dodging
 + Level 7.4(9.0) Stealth
 - Level 11.0(13.2) Spellcasting
 - Level 3.6(5.6) Hexes
 + Level 8.9 Ice Magic


You had 23 spell levels left.
You knew the following spells:

 Your Spells              Type           Power      Damage    Failure   Level
a - Freeze                Ice            100%       1d10      1%          1
b - Frozen Ramparts       Ice            92%        1d14      1%          3
c - Summon Ice Beast      Ice/Summ       30%        N/A       2%          3
d - Ozocubu's Armour      Ice            46%        N/A       1%          3
e - Tukima's Dance        Hex            33%        N/A       1%          3
f - Inner Flame           Hex/Fire       23%        N/A       4%          3

Your spell library contained the following spells:

 Spells                   Type           Power      Damage    Failure   Level
 Jinxbite                 Hex            66%        N/A       1%          2
 Apportation              Tloc           26%        N/A       4%          1
 Necrotise                Necr           52%        1d6       4%          1
 Summon Small Mammal      Summ           52%        N/A       4%          1
 Sting                    Conj/Alch      48%        1d6       5%          1
 Fugue of the Fallen      Necr           13%        N/A       14%         3
 Dimensional Bullseye     Hex/Tloc       11%        N/A       16%         4
 Iskenderun's Mystic Bla Conj/Tloc 13%            2d5        (+2d2     45%         4
 Summon Blazeheart Golem  Fire/Summ      13%        N/A       45%         4
 Flame Wave               Conj/Fire      12%        2d6       47%         4
 Sticky Flame             Fire/Alch      12%        2d5       47%         4
 Borgnjor's Vile Clutch   Necr/Erth      6%         N/A       80%         5
 Alistair's Intoxication  Alch           8%         N/A       83%         5
 Dispersal                Tloc           6%         N/A       100%        6
 Eringya's Noxious Bog    Alch           6%         4d6       100%        6
 Manifold Assault         Tloc           6%         N/A       100%        7
 Orb of Destruction       Conj           6%         9d6       100%        7
 Spellforged Servitor     Conj/Summ      6%         N/A       100%        7
 Disjunction              Tloc           6%         N/A       100%        8


Dungeon Overview and Level Annotations

Branches:
Dungeon (10/15) Zot: 25311  Temple (1/1) D:4 Zot: 5968    Lair (5/5) D:9 Zot: 20196
 Shoals (0/4) Lair:2       Spider (0/4) Lair:2        Slime (0/5) Lair:4
Ossuary (visited)
    Orc: D:9-12

Altars:
Ashenzari
Cheibriados
Dithmenos
Elyvilon
Fedhas
Gozag
Hepliaklqana
Kikubaaqudgha
Makhleb
Nemelex Xobeh
Okawaru
Qazlal
Ru
Sif Muna
Trog
Uskayaw
Vehumet
Wu Jian
Xom
Yredelemnul
Zin
The Shining One

Shops:
D:5 [   D:9 !

Annotations:
D:7 !BAD, Maurice
D:10 exclusion: sensed monster (detected)
Lair:2 2 runed translucent doors, exclusions: 4 electric eels and 2 more exclusions, whatisthis's ghost, journeyman TeAE
Lair:4 6 runed translucent doors


Innate Abilities, Weirdness & Mutations

You can breathe blasts of antimagic.
Your rich purple scales are hard. (AC +8)
You cannot fit into any form of body armour.
You are cold-blooded and may be slowed by cold attacks.


Message History

You hit the catoblepas but do no damage.
The catoblepas is almost dead.
The wall freezes the catoblepas.
The catoblepas breathes a plume of calcifying dust at you.
The blast of calcifying dust hits you.
* * * LOW HITPOINT WARNING * * *
The blast of calcifying dust hits the hell hound.
The hell hound dies!
You hit the catoblepas but do no damage.
You tail-slap the catoblepas, but do no damage.
The catoblepas is almost dead.
You are engulfed in calcifying dust.
You are slowing down.
You hit the catoblepas but do no damage.
The catoblepas is almost dead.
You are engulfed in calcifying dust.
Your limbs have turned to stone.
The wall freezes the catoblepas but does no damage.
The catoblepas closely misses you.
You have turned to stone.
You are engulfed in calcifying dust.
The wall freezes the catoblepas but does no damage.
The catoblepas gores you!!
* * * LOW HITPOINT WARNING * * *
You are engulfed in calcifying dust.
The wall freezes the catoblepas but does no damage.
The catoblepas breathes a plume of calcifying dust at you.
The blast of calcifying dust hits you but does no damage.
You are engulfed in calcifying dust.
The wall freezes the catoblepas.
The catoblepas gores you but does no damage.
You are engulfed in calcifying dust.
The frozen ramparts melt away.
The catoblepas breathes a plume of calcifying dust at you.
The blast of calcifying dust hits you.
* * * LOW HITPOINT WARNING * * *
You are engulfed in calcifying dust.
The catoblepas breathes a plume of calcifying dust at you.
The blast of calcifying dust hits you but does no damage.
The catoblepas breathes a plume of calcifying dust at you.
The blast of calcifying dust hits you!
* * * LOW HITPOINT WARNING * * *
You are engulfed in calcifying dust.
The catoblepas gores you!!
You die...

####.....#.≈.%~..≈..~.# #......
#....##..~.÷≈≈..~..## ##.....
#....#...#.######..^# ##......
##...##..##÷÷.....#..###.......
#.÷..#.†##........##.÷##.......
###...##.##..######..##.##.......
#.....#†.#[.##.≈≈.##..#..#.......
#P....#.##.##≈.÷÷Y≈##.##.#.......
#....^#t#..#..#)@#..#^.#.##....#.
......#☼#..#..#§.#..#..#.#.....##
......#☼##.#.≈....≈##.##.#.....##
......#○○#..##.≈≈.##..#÷.#....#.#
......##.##..######..##.##..#####
.......#.~##........##~.#...#
.......##..##......##..÷#.###
........#...########^..#..#
.......<##..~..~~^.~..#####


You could see a catoblepas.

Vanquished Creatures
  Fannar (Lair:3)
  A catoblepas (Lair:3)
  7 death yaks
  6 hydras
  A two-headed ogre (D:10)
  Nergalle (D:10)
  A fire crab (Lair:4)
  A skyshark (Lair:5)
  Pikel (D:9)
  3 lindwurms
  5 black mambas
  17 elephants
  14 cane toads
  A torpor snail (Lair:4)
  A kobold demonologist (D:10)
  An unseen horror (D:6)
  3 rime drakes
  5 komodo dragons
  2 polar bears
  Prince Ribbit (D:9)
  11 blink frogs
  2 dream sheep (Lair:5)
  A jumping spider (Lair:4)
  4 wyverns
  5 culicivoras (Lair:2)
  3 wraiths (D:10)
  36 yaks
  Grum (D:10)
  3 basilisks
  A warg (Lair:4)
  2 redbacks (Lair:4)
  4 steam dragons
  An acid dragon (D:10)
  3 hell hounds (Lair:5)
  17 water moccasins
  3 black bears
  2 orc warriors
  26 wolves
  3 centaurs
  2 lemures (D:9)
  6 bullfrogs
  2 scorpions
  2 wights (D:8)
  7 killer bees (D:9)
  2 howler monkeys (D:9)
  An electric eel (Lair:3)
  2 bombardier beetles (D:4)
  A crimson imp (D:5)
  An orc priest (D:10)
  A hound (D:7)
  A jelly (D:4)
  A gnoll bouda (D:4)
  2 sleepcaps (D:4)
  An iguana (D:5)
  3 orc wizards
  3 crocodile zombies (Ossuary)
  2 mummies
  4 gnolls (D:4)
  7 adders
  A shadow imp (D:5)
  A white imp (D:8)
  An ufetubus (D:6)
  3 dart slugs
  A ribbon worm (D:2)
  6 orcs
  2 bats
  6 endoplasms
  A gnoll zombie (Ossuary)
  7 goblins
  2 hobgoblins
  7 jackals
  7 kobolds
  A quokka (D:2)
  13 ball pythons
  A frilled lizard (D:1)
  2 rats (D:3)
314 creatures vanquished.

Vanquished Creatures (collateral kills)
  Nessos (Lair:5)
  A lindwurm (Lair:5)
  An elephant (Lair:4)
  A black mamba (Lair:3)
  2 cane toads (Lair:3)
  2 komodo dragons (Lair:1)
  A rime drake (Lair:2)
  Psyche (D:10)
  A troll (D:6)
  2 blink frogs (Lair:3)
  A jumping spider (Lair:4)
  2 yaks
  A basilisk (Lair:3)
  Duvessa (D:4)
  3 water moccasins
  A black bear (D:6)
  An orc warrior (D:10)
  4 wolves
  A kobold brigand (D:8)
  4 bullfrogs
  A wight (D:8)
  Dowan (D:4)
  5 killer bees
  A centaur zombie (Ossuary)
  2 orc priests
  A sleepcap (D:4)
  2 mummies (Ossuary)
  An adder (D:6)
  A gnoll (D:5)
  An ufetubus (D:6)
  A dart slug (D:5)
  11 orcs
  A hobgoblin (D:4)
  3 gnoll zombies (Ossuary)
  A kobold zombie (Ossuary)
65 creatures vanquished.

Vanquished Creatures (others)
  A dancing weapon (Lair:5)
  A hell hound (Lair:4)
2 creatures vanquished.

Grand Total: 381 creatures vanquished

Notes
Turn   | Place    | Note
-------+----------+-------------------------------------------
     0 | D:1      | Twinkles the Draconian Ice Elementalist began the quest for
                  | the Orb.
     0 | D:1      | Reached XP level 1. HP: 14/14 MP: 3/3
   251 | D:1      | Found a faded altar of an unknown god.
   361 | D:1      | Reached XP level 2. HP: 20/20 MP: 3/5
   876 | D:2      | Upgraded the game from 0.32-a0-119-g2e8054a333 to
                  | 0.32-a0-120-gfac0567ad4
   939 | D:2      | Reached skill level 1 in Fighting
   939 | D:2      | Reached XP level 3. HP: 28/28 MP: 6/6
   943 | D:2      | Learned a level 3 spell: Frozen Ramparts
  1259 | D:2      | You fall into a shaft and drop 2 floors!
  1363 | D:4      | Noticed a scorpion
  1370 | D:4      | Killed a scorpion
  1371 | D:4      | Reached skill level 2 in Fighting
  1371 | D:4      | Reached XP level 4. HP: 29/36 MP: 3/8
  1436 | D:3      | Found a snail-covered altar of Cheibriados.
  1631 | D:3      | Found a shimmering blue altar of Sif Muna.
  1918 | D:3      | Found a shadowy altar of Dithmenos.
  2429 | D:4      | Found a staircase to the Ecumenical Temple.
  2449 | Temple   | Entered the Ecumenical Temple
  2472 | D:4      | Reached XP level 5. HP: 37/42 MP: 2/9
  2481 | D:4      | Reached skill level 5 in Ice Magic
  2575 | D:4      | Reached skill level 3 in Fighting
  2639 | D:4      | Found a white marble altar of Elyvilon.
  3097 | D:4      | Noticed Dowan
  3157 | D:4      | Upgraded the game from 0.32-a0-120-gfac0567ad4 to
                  | 0.32-a0-128-g77eb882913
  3280 | D:5      | Entered Level 5 of the Dungeon
  3282 | D:5      | Noticed a centaur
  3290 | D:4      | Reached XP level 6. HP: 40/51 MP: 5/11
  3785 | D:4      | Upgraded the game from 0.32-a0-128-g77eb882913 to
                  | 0.32-a0-329-ge6c31236d6
  3785 | D:4      | Upgraded the game from 0.32-a0-329-ge6c31236d6 to
                  | 0.32-a0-473-gd044c6f0f0
  3789 | D:4      | Learned a level 3 spell: Summon Ice Beast
  3820 | D:4      | Found a glowing golden altar of the Shining One.
  3820 | D:4      | Found a shimmering altar of Xom.
  3867 | Temple   | Became a worshipper of Ashenzari the Shackled
  3935 | D:4      | Killed Dowan
  3939 | D:4      | Reached skill level 4 in Fighting
  4058 | D:4      | Noticed Duvessa
  4071 | D:4      | HP: 10/52 [Duvessa/+0 rapier (13)]
  4072 | D:4      | Killed Duvessa
  4073 | D:4      | Your scales start taking on a rich purple colour.
  4073 | D:4      | Reached skill level 5 in Spellcasting
  4073 | D:4      | Reached XP level 7. HP: 12/60 MP: 0/14
  4303 | D:4      | Upgraded the game from 0.32-a0-473-gd044c6f0f0 to
                  | 0.32-a0-520-g344ed53f66
  4566 | D:5      | Found Xadab's Antique Armour Shoppe.
  4662 | D:5      | Reached skill level 5 in Fighting
  4822 | D:5      | Found an opulent altar of Gozag.
  5082 | D:5      | Found a burning altar of Makhleb.
  5082 | D:5      | Found a radiant altar of Vehumet.
  5204 | D:6      | Upgraded the game from 0.32-a0-520-g344ed53f66 to
                  | 0.32-a0-576-g706899e69d
  5212 | D:6      | Found a sand-covered staircase.
  5260 | Ossuary  | Entered an ossuary
  5414 | Ossuary  | Learned a level 3 spell: Ozocubu's Armour
  5750 | Ossuary  | Reached XP level 8. HP: 69/69 MP: 9/17
  5881 | D:6      | Noticed an unseen horror
  5887 | D:6      | Killed an unseen horror
  5888 | D:6      | Reached skill level 6 in Fighting
  6000 | D:6      | Found an ornate altar of the Wu Jian Council.
  6538 | D:7      | Noticed Maurice
  6538 | D:7      | Noticed a troll
  6587 | D:7      | Noticed a two-headed ogre
  6696 | D:8      | Found a bloodstained altar of Trog.
  6775 | D:8      | Reached skill level 1 in Short Blades
  7041 | D:8      | Reached skill level 7 in Fighting
  7391 | D:8      | Reached XP level 9. HP: 78/79 MP: 14/20
  7820 | D:8      | Identified the +0 leather armour of Fedhas {^Contam rPois
                  | rN++ rCorr}
  8175 | D:6      | Killed a troll
  8226 | D:5      | Bought a pair of runed boots for 195 gold pieces
  8460 | D:9      | Found Vuis's Distillery.
  8586 | D:9      | Noticed Prince Ribbit
  8590 | D:9      | Killed Prince Ribbit
  8692 | D:9      | Found a staircase to the Lair.
  8748 | D:9      | Reached skill level 8 in Fighting
  8792 | D:9      | Reached skill level 1 in Hexes
  9440 | D:9      | Noticed Pikel
  9452 | D:9      | Killed Pikel
  9453 | D:9      | Reached XP level 10. HP: 76/90 MP: 8/23
  9679 | D:9      | Reached * piety under Ashenzari
  9881 | D:9      | Reached skill level 5 in Dodging
  9897 | D:9      | Reached skill level 5 in Short Blades
 10320 | D:10     | Entered Level 10 of the Dungeon
 10320 | D:10     | Noticed a two-headed ogre
 10327 | D:10     | Killed a two-headed ogre
 10328 | D:10     | Reached skill level 9 in Fighting
 10524 | D:10     | Learned a level 3 spell: Tukima's Dance
 10680 | D:10     | Reached ** piety under Ashenzari
 10884 | D:10     | Noticed Grum
 10918 | D:10     | Noticed Nergalle
 10922 | D:10     | Killed Grum
 10938 | D:10     | Killed Nergalle
 10939 | D:10     | Reached XP level 11. HP: 90/102 MP: 4/26
 11124 | D:10     | Reached skill level 10 in Spellcasting
 11262 | D:10     | Noticed Psyche
 11271 | D:10     | Killed Psyche
 11733 | D:10     | Found a sacrificial altar of Ru.
 11738 | D:10     | Found a hazy altar of Hepliaklqana.
 11740 | D:10     | Found a hide-covered altar of Uskayaw.
 11743 | D:10     | Found an iron altar of Okawaru.
 11746 | D:10     | Found a blossoming altar of Fedhas.
 12017 | Lair:1   | Entered Level 1 of the Lair of Beasts
 12036 | Lair:1   | Reached skill level 10 in Fighting
 12925 | Lair:2   | Upgraded the game from 0.32-a0-576-g706899e69d to
                  | 0.32-a0-607-g64ea0e4219
 13032 | Lair:2   | Noticed a lindwurm
 13047 | Lair:2   | Killed a lindwurm
 13301 | Lair:2   | Reached *** piety under Ashenzari
 13340 | Lair:2   | Found a staircase to the Shoals.
 13414 | Lair:2   | Noticed a five-headed hydra
 13424 | Lair:2   | Killed a five-headed hydra
 13425 | Lair:2   | Reached skill level 11 in Fighting
 13832 | Lair:2   | Found a large runed translucent door.
 13832 | Lair:2   | Found a large runed translucent door.
 13836 | Lair:2   | Noticed whatisthis's ghost (journeyman TeAE)
 14139 | Lair:2   | Found a hole to the Spider Nest.
 14146 | Lair:2   | Reached XP level 12. HP: 108/115 MP: 22/29
 14957 | Lair:3   | Noticed a catoblepas
 15254 | Lair:3   | Noticed Fannar
 15319 | Lair:3   | Reached skill level 12 in Fighting
 15854 | Lair:3   | Reached skill level 13 in Fighting
 15867 | Lair:3   | Learned a level 3 spell: Inner Flame
 16042 | Lair:4   | Noticed a six-headed hydra
 16428 | Lair:4   | Found a runed translucent door.
 16434 | Lair:4   | Found a staircase to the Slime Pits.
 16487 | Lair:4   | Reached skill level 14 in Fighting
 16987 | Lair:4   | Reached skill level 15 in Fighting
 17160 | Lair:4   | Reached XP level 13. HP: 132/132 MP: 26/30
 17507 | Lair:3   | Killed Fannar
 18276 | Lair:4   | Upgraded the game from 0.32-a0-607-g64ea0e4219 to
                  | 0.32-a0-612-g1c984fe9d1
 18696 | Lair:4   | Reached skill level 5 in Stealth
 19013 | Lair:4   | Identified the +1 hat "Tyfit" {Harm Rampage rN+}
 19057 | Lair:4   | Found a runed translucent gate.
 19057 | Lair:4   | Found a runed translucent gate.
 19060 | Lair:4   | Found a runed translucent gate.
 19060 | Lair:4   | Found a runed translucent gate.
 19060 | Lair:4   | Found a runed translucent gate.
 19060 | Lair:4   | Found a runed translucent gate.
 19160 | Lair:5   | Entered Level 5 of the Lair of Beasts
 19305 | Lair:5   | Upgraded the game from 0.32-a0-612-g1c984fe9d1 to
                  | 0.32-a0-616-g9348d4545b
 19305 | Lair:5   | Upgraded the game from 0.32-a0-616-g9348d4545b to
                  | 0.32-a0-630-g46d191b0ed
 19305 | Lair:5   | Upgraded the game from 0.32-a0-630-g46d191b0ed to
                  | 0.32-a0-685-g93135e86f0
 19305 | Lair:5   | Upgraded the game from 0.32-a0-685-g93135e86f0 to
                  | 0.32-a0-747-gc8563f6773
 19305 | Lair:5   | Upgraded the game from 0.32-a0-747-gc8563f6773 to
                  | 0.32-a0-898-g7811c86cf0
 19306 | Lair:5   | Noticed Nessos
 19324 | Lair:5   | Killed Nessos
 19573 | Lair:4   | Reached skill level 10 in Dodging
 21351 | Lair:5   | Reached skill level 16 in Fighting
 21351 | Lair:5   | Reached XP level 14. HP: 105/143 MP: 29/31
 22165 | Lair:4   | HP: 27/144 [catoblepas (28)]
 22171 | Lair:4   | HP: 24/144 [catoblepas/blast of calcifying dust (5)]
 22177 | Lair:4   | HP: 13/144 [catoblepas/blast of calcifying dust (2)]
 22180 | Lair:4   | Slain by a catoblepas

Illustrated notes

Levels and vault maps discovered:
D:1:      mrwooster_arrival_arrow, layout_basic, basic_ecumenical_altar,
          serial_bayou_lake_a
D:2:      layout_loops_ring, basic_altar
D:3:      layout_basic, mainiacjoe_overflow_alcove_1,
          nicolae_dithmenos_through_a_glass_darkly,
          mainiacjoe_overflow_boulevard
D:4:      minmay_wonky_spiral, layout_loops_ring, general_overflow_altar,
          gammafunk_temple_overflow_wave, minmay_temple_entry_grid, uniq_duvessa
D:5:      layout_cave_pools, grunt_temple_overflow_lords_of_destruction,
          nicolae_gozag_cash_rules_everything_around_me, kennysheep_small_circle
D:6:      layout_cave_pools, mainiacjoe_overflow_paths,
          gup_ossuary_entry_pyramid
D:7:      layout_basic, uniq_maurice, uniq_jeremiah
D:8:      layout_basic, lemuel_crystal_altar, kennysheep_generic_room_14
D:9:      nicolae_BIG_FREAKIN_CUBE, layout_irregular_city, lair_entry_dummy,
          kennysheep_windowed_goal, uniq_prince_ribbit1, uniq_pikel
D:10:     minmay_skewed_foursquare, layout_loops_ring, minitemple, uniq_grum,
          uniq_psyche, uniq_nergalle
Temple:   hellmonk_temple_rainy
Lair:1:   layout_misc_corridors
Lair:2:   layout_regular_city, elwin_shoals_entry_rooms,
          hellmonk_spider_entry_life_and_decay, ebering_ghost_disaster_area,
          nicolae_quartered_pool_super
Lair:3:   layout_cave_shapes, nicolae_lair_lil_pond, serial_bayou_shore_a,
          uniq_fannar
Lair:4:   gammafunk_indiana_jones, layout_hall_layers, slime_entry_1,
          nzn_random_ring, infiniplex_staircase_pool
Lair:5:   hangedman_lair_in_review, layout_layer_cave,
          hangedman_lair_caniforms_friends, columned_hall_lemuel,
          lemuel_fruit_tree, uniq_nessos

Skill      XL: |  1  2  3  4  5  6  7  8  9 10 11 12 13 14 |
---------------+-------------------------------------------+-----
Dodging        | 2 4 6 7 8 10 | 10.7
Stealth        | 2 6 7 |  7.4
Fighting       | 1 2 3 4 5 7 8 9 11 15 16 | 16.2
Spellcasting   | 3 5 6 7 8 9 11 | 11.0
Ice Magic      | 5 6 7 8 |  8.9
Short Blades   | 2 4 6 8 |  8.4
Hexes          | 3 |  3.6

Action                     |  1- 3 |  4- 6 |  7- 9 | 10-12 | 13-15 || total
---------------------------+-------+-------+-------+-------+-------++-------
  Melee: Dagger            |    26 |    52 |    93 |   436 |   485 ||  1092
         Tailslap          |     3 |     5 |    13 |   110 |   134 ||   265
         Punch             |       |     3 |       |       |       ||     3
   Cast: Freeze            |    35 |    40 |    30 |       |    13 ||   118
         Frozen Ramparts   |       |     7 |    32 |    75 |    61 ||   175
         Summon Ice Beast  |       |     2 |    51 |    86 |    30 ||   169
         Ozocubu's Armour  |       |       |    21 |    49 |    44 ||   114
         Tukima's Dance    |       |       |       |     1 |     1 ||     2
         Inner Flame       |       |       |       |     1 |       ||     1
 Invoke: Curse Item        |       |       |     1 |     3 |     1 ||     5
Ability: Nullifying Breath |       |       |       |       |     1 ||     1
  Evoke: Wand              |       |       |       |     4 |     1 ||     5
    Use: Scroll            |     1 |     1 |     9 |     3 |     1 ||    15
         Potion            |       |       |       |       |     1 ||     1
   Stab: Sleeping          |     3 |     4 |       |     1 |       ||     8
         Distracted        |       |       |       |     4 |     3 ||     7
 Armour: Skin              |    22 |    46 |   154 |   244 |   365 ||   831
  Dodge: Dodged            |    23 |    65 |   136 |   306 |   452 ||   982

Table legend: (Time is in decaauts)
 A = Elapsed time spent in this place.
 B = Non-inter-level travel time spent in this place.
 C = Inter-level travel time spent in this place.
 D = Time resting spent in this place.
 E = Time spent auto-exploring this place.
 F = Levels seen in this place.
 G = Mean time per level.
                   A        B        C        D        E       F      G
               +--------+--------+--------+--------+--------+-----+--------+
         Total |  21836 |  20266 |   1570 |   2968 |  13197 |  17 | 1284.5 |
       Dungeon |  11427 |  10436 |    991 |    903 |   7684 |  10 | 1142.7 |
        Temple |     31 |      4 |     27 |      0 |      0 |   1 |   31.0 |
          Lair |   9802 |   9251 |    551 |   1690 |   5493 |   5 | 1960.4 |
       Ossuary |    574 |    574 |      0 |    375 |     19 |   1 |  574.0 |
               +--------+--------+--------+--------+--------+-----+--------+

Top non-repeatable levels by time:
  Lair:4: 3275 daAuts
  Lair:2: 2272 daAuts
     D:4: 2089 daAuts
  Lair:3: 1922 daAuts
     D:8: 1852 daAuts
    D:10: 1584 daAuts
     D:9: 1580 daAuts
  Lair:5: 1443 daAuts
     D:3: 1046 daAuts
     D:6: 1038 daAuts
     D:1: 893 daAuts
  Lair:1: 888 daAuts
     D:5: 822 daAuts
 Ossuary: 574 daAuts
     D:2: 383 daAuts
